 Dungeon Crawl Stone Soup version 0.28-a0-793-g31680bbd8b (webtiles) character file.

Game seed: 7124566414415623677

697 demibob the Grappler (level 7, -7/55 (57) HPs)
             Began as a Ghoul Monk on Nov 4, 2021.
             Was a Priest of Ru.
             Mangled by a wight (9 damage)
             ... on level 5 of the Dungeon.
             The game lasted 00:06:25 (4704 turns).

demibob the Grappler (Ghoul Monk)                   Turns: 4704, Time: 00:06:26

HP:   -7/55 (57)    AC:  2    Str: 17      XL:     7   Next: 65%
MP:   6/6           EV: 12    Int:  3 (5)  God:    Ru [***...]
Gold: 27            SH:  0    Dex: 15 (17) Spells: 6/6 levels left

rFire   . . .      SeeInvis .     - Unarmed
rCold   + . .      Faith    .   (shield unavailable)
rNeg    + + +      Spirit   .   a - +0 robe
rPois   ∞          Reflect  .   (no helmet)
rElec   .          Harm     .   (no cloak)
rCorr   .          Rampage  .   (no gloves)
Will    .....                   (no boots)
Stlth   ++........              (no amulet)
HPRegen 0.00/turn               (ring unavailable)
MPRegen 0.10/turn               D - +6 ring of dexterity

@: inhibited regen, lightly drained
A: claws 1, cold resistance 1, negative energy resistance 3, inhibited
regeneration, torment resistance 2, missing a hand, no hexes magic, no poison
magic, no summoning magic
a: Renounce Religion, Draw Out Power


You were on level 5 of the Dungeon.
You worshipped Ru.
Ru was most pleased with you.
You visited 1 branch of the dungeon, and saw 5 of its levels.

You collected 126 gold pieces.
You spent 99 gold pieces at shops.


Innate Abilities, Weirdness & Mutations

You thrive by killing the living.
You are immune to poison.
You have sharp fingernails.
Your flesh is cold resistant. (rC+)
You are immune to negative energy. (rN+++)
You do not regenerate when monsters are visible.
You are immune to unholy pain and torment.
You are missing a hand.
You cannot study or cast Hexes magic.
You cannot study or cast Poison magic.
You cannot study or cast Summoning magic.


   Skills:
 - Level 3.2 Fighting
 - Level 2.6 Dodging
 - Level 2.1 Stealth
 + Level 9.5 Unarmed Combat


You had 6 spell levels left.
You didn't know any spells.
Your spell library contained the following spells:

 Spells                   Type           Power      Damage    Failure   Level
 Freezing Cloud           Conj/Ice/Air   0%         6-21      100%        5
 Ignite Poison            Fire/Tmut/Pois Unusable   N/A       N/A         3
 Mephitic Cloud           Conj/Pois/Air  Unusable   N/A       N/A         3

Inventory:

Armour
 a - a +0 robe (worn)
Jewellery
 C - a ring of ice
 D - a +6 ring of dexterity (right claw)
Wands
 f - a wand of paralysis (5)
Scrolls
 i - 2 scrolls of identify {@r1}
Potions
 b - a potion of heal wounds {@q2}
 d - a potion of berserk rage {!q}
 e - 2 potions of degeneration
 h - a potion of might

Dungeon Overview and Level Annotations

Branches:
Dungeon (5/15)             Temple (0/1) D:4

Altars:
Gozag
Nemelex Xobeh
Ru

Shops:
D:4 [ D:5

! #z#.#.# ....... ...
#.#.#.##..# #.#.#.##..###.##
######.#.#.##..#..... ###
............#..#.#..####.#
######.#)##.#..#.#..#....###
........z..#..#.##.#.#....#
..###.#...@...#.##.#.#..#.#
...#.##.#..#.##.#.#..#.#
###.#.##.#..#.##.#.#..#.#
#.#.##.##.#....#.#..#.#
#.#.##<......(...#..#.#
#.##)..........#..#.# #.
#...........#..#.#
###.###..######..#..#.#
..............#).#.[#.#


You could see a wight.


Message History

The wight hits you with a +2 long sword of freezing.
* * * LOW HITPOINT WARNING * * *
You scratch the wight.
The wight is severely damaged.
The wight hits you with a +0 trident!
* * * LOW HITPOINT WARNING * * *
You focus your inner power and blind the wight in retribution!
The wight hits you with a +2 long sword of freezing!
* * * LOW HITPOINT WARNING * * *
The wight freezes you.
* * * LOW HITPOINT WARNING * * *
Use which ability? (? or * to list) You're too exhausted to draw out your power.
You scratch the wight but do no damage.
The wight is severely damaged.
You completely miss the wight.
The wight is severely damaged.
The wight barely misses you.
You claw the wight!
You destroy the wight!
You feel your strength returning.
Things that are here:
a +2 long sword of freezing; a +0 robe A wight comes into view.
It is wielding a +3 hand axe.
You feel less exhausted. 2 wights come into view.
A wight is wielding a +4 long sword of freezing.
The wight is no longer blind.
The wight hits you from afar with a +0 trident!
You die...

Skill      XL: |  1  2  3  4  5  6  7 |
---------------+----------------------+-----
Unarmed Combat | 4 5 6 7 8 9 |  9.5
Fighting       | |  3.2
Dodging        | |  2.6
Stealth        | |  2.1

Action                   |  1- 3 |  4- 6 |  7- 9 || total
-------------------------+-------+-------+-------++-------
Melee: Unarmed           |   120 |   124 |    41 ||   285
       Punch             |     1 |       |       ||     1
Invok: Sacrifice Arcana  |     1 |       |       ||     1
       Sacrifice a Hand  |       |     1 |       ||     1
       Draw Out Power    |       |     2 |     1 ||     3
  Use: Scroll            |     2 |     2 |     2 ||     6
       Potion            |       |     3 |     1 ||     4
 Stab: Sleeping          |     5 |     2 |     1 ||     8
Armor: Robe              |    25 |    12 |       ||    37
Dodge: Dodged            |    62 |    46 |    26 ||   134

Levels and vault maps discovered:
D:1:      eino_arrival_cavern_c, layout_loops_cross,
          hellmonk_ecumenical_altar_run_dry, amcnicky_mini_corridor_feature,
          chequers_serial_rivers_small_a, st_stairs_9, lemuel_old_faithful
D:2:      layout_basic, basic_altar
D:3:      layout_loops_cross, lemuel_tele_altar
D:4:      layout_basic, minmay_temple_entry_steel_oval, serial_shops,
          nicolae_shop_behind_doors, minmay_a_box_with_orc_wizards_in_it
D:5:      layout_basic, gammafunk_ghost_mausoleum, portal_sewer_entry_a,
          serial_shops, shop, kennysheep_flooded_box

Notes
Turn   | Place    | Note
-------+----------+-------------------------------------------
     0 | D:1      | demibob the Ghoul Monk began the quest for the Orb.
     0 | D:1      | Reached XP level 1. HP: 19/19 MP: 0/0
   101 | D:1      | Reached XP level 2. HP: 9/26 MP: 1/1
   105 | D:1      | Reached skill level 4 in Unarmed Combat
   397 | D:1      | Found a faded altar of an unknown god.
   421 | D:1      | Prayed at the altar of an unknown god.
   421 | D:1      | Became a worshipper of Ru the Awakened
   435 | D:1      | Gained mutation: You cannot study or cast Poison magic. [Ru
                  | sacrifice]
   435 | D:1      | Gained mutation: You cannot study or cast Hexes magic. [Ru
                  | sacrifice]
   435 | D:1      | Gained mutation: You cannot study or cast Summoning magic.
                  | [Ru sacrifice]
   435 | D:1      | Reached * piety under Ru
   919 | D:1      | Reached XP level 3. HP: 25/31 MP: 2/2
  1656 | D:2      | Reached skill level 5 in Unarmed Combat
  1822 | D:2      | Found an opulent altar of Gozag.
  2147 | D:3      | Reached XP level 4. HP: 36/38 MP: 3/3
  2170 | D:3      | HP: 3/38 [orc (3)]
  2460 | D:3      | Found a sparkling altar of Nemelex Xobeh.
  2687 | D:3      | Noticed a phantom
  2697 | D:3      | Killed a phantom
  2698 | D:3      | Reached skill level 6 in Unarmed Combat
  2698 | D:3      | Reached XP level 5. HP: 25/45 MP: 4/4
  3078 | D:3      | Gained mutation: You are missing a hand. [Ru sacrifice]
  3078 | D:3      | Reached ** piety under Ru
  3078 | D:3      | Reached *** piety under Ru
  3255 | D:4      | Found a staircase to the Ecumenical Temple.
  3259 | D:4      | Noticed a phantom
  3260 | D:4      | Reached skill level 7 in Unarmed Combat
  3272 | D:4      | Killed a phantom
  3273 | D:4      | Reached XP level 6. HP: 27/51 MP: 5/5
  3608 | D:4      | Reached skill level 8 in Unarmed Combat
  3665 | D:4      | Reached XP level 7. HP: 17/52 MP: 6/6
  4102 | D:4      | Found Cerrorr's Armour Emporium.
  4452 | D:5      | Entered Level 5 of the Dungeon
  4452 | D:5      | Found Tueclac's Distillery.
  4462 | D:5      | Reached skill level 9 in Unarmed Combat
  4542 | D:5      | Bought a potion of heal wounds for 55 gold pieces
  4542 | D:5      | Bought a potion of might for 44 gold pieces
  4688 | D:5      | HP: 3/54 [wight (8)]
  4704 | D:5      | Mangled by a wight

Vanquished Creatures
  An ogre (D:5)
  3 phantoms
  A scorpion (D:4)
  A wight (D:5)
  A centaur skeleton (D:4)
  6 orc wizards (D:4)
  2 iguanas
  A hound skeleton (D:3)
  4 adders
  An adder skeleton (D:4)
  A worm (D:4)
  A dart slug (D:3)
  2 orcs
  6 ball pythons
  2 bats
  9 endoplasms
  A giant cockroach (D:2)
  11 hobgoblins
  4 jackals (D:1)
  A quokka (D:1)
  2 frilled lizards (D:1)
  3 goblins
  7 kobolds
  7 rats
78 creatures vanquished.

Vanquished Creatures (others)
  A rat (D:3)
1 creature vanquished.

Grand Total: 79 creatures vanquished

Table legend: (Time is in decaauts)
 A = Elapsed time spent in this place.
 B = Non-inter-level travel time spent in this place.
 C = Inter-level travel time spent in this place.
 D = Time resting spent in this place.
 E = Time spent auto-exploring this place.
 F = Levels seen in this place.
 G = Mean time per level.
                   A        B        C        D        E       F      G
               +--------+--------+--------+--------+--------+-----+--------+
         Total |   4674 |   4570 |    104 |   1018 |   2927 |   5 |  934.8 |
       Dungeon |   4674 |   4570 |    104 |   1018 |   2927 |   5 |  934.8 |
               +--------+--------+--------+--------+--------+-----+--------+

Top non-repeatable levels by time:
     D:1: 1437 daAuts
     D:3: 1252 daAuts
     D:4: 1187 daAuts
     D:2: 550 daAuts
     D:5: 246 daAuts

Table legend:
 A = Non-vault XP
 B = Vault XP
 C = Vault XP percentage of total XP
 D = Non-vault monster count
 E = Vault monster count
 F = Vault count percentage of total count
                 A         B        C        D         E       F
            +---------+---------+-------+---------+---------+-------
      Total |     826 |     171 |  17.2 |      70 |       8 |  10.3
            +---------+---------+-------+---------+---------+-------
        D:1 |      45 |       3 |   6.2 |      28 |       2 |   6.7
        D:2 |      25 |       0 |   0.0 |       8 |       0 |   0.0
        D:3 |     187 |       0 |   0.0 |      20 |       0 |   0.0
        D:4 |     246 |     168 |  40.6 |      10 |       6 |  37.5
        D:5 |     323 |       0 |   0.0 |       4 |       0 |   0.0
            +---------+---------+-------+---------+---------+-------
